Bruins vs Senators

Created - April 20, 2016 at 18:07

Goals
1 2 3 OT1 T
Bruins 1 1 2 1 5
Senators 0 1 3 0 4
Shots
1 2 3 OT1 T
Bruins 6 11 11 4 32
Senators 6 9 8 4 27

1st period

1. Bruins , Andrew Ladd 2 (Carl Soderberg, Patrick Sharp) at 18:55

Penalties :
Marcus Johansson (BOS) for Cross-checking (Minor) at 19:32

2nd period

2. Bruins , Corey Perry 2 (P.K. Subban) at 8:47
3. Senators , Sidney Crosby 3 (Mark Stone) at 11:50

Penalties :
Torey Krug (BOS) for Holding Stick (Minor) at 2:24, Marc Methot (OTT) for Roughing (Minor) at 5:15, Mika Zibanejad (OTT) for Hooking (Minor) at 14:56

3rd period

4. Senators , Patrick Marleau 3 (Mark Stone, Marc Methot) at 3:31
5. Bruins , Corey Perry 3 (Tomas Plekanec) at 6:09
6. Senators , Milan Michalek 1 (Duncan Keith, Mika Zibanejad) at 11:24
7. Senators , Drew Miller 5 (Mike Hoffman) at 11:45
8. Bruins , Torey Krug 1 (Andrew Ladd, Patrick Sharp) at 15:03 (PP)

Penalties :
Chris Phillips (OTT) for Hooking (Minor) at 14:23

Overtime #1

9. Bruins , Carl Soderberg 1 (Jake Muzzin, John Carlson) at 7:19

Penalties :
P.K. Subban (BOS) for Hooking (Minor) at 0:38, Ryan Spooner (BOS) for Hooking (Minor) at 2:41, Jared Cowen (OTT) for Tripping (Minor) at 4:55

Goalie Stats

Carey Price (BOS), 23 saves from 27 shots - (0.852), W, 5-1-0, 67:20 minutes
Tuukka Rask (OTT), 27 saves from 32 shots - (0.844), OTL, 4-0-1, 67:20 minutes

Players Stats for Bruins

Player Name              G  A  P  +/- PIM S  H  SB GA TA FO     MP     PP MP  PK MP  
------------------------------------------------------------------------------------
Andrew Ladd              1  1  2   2  0   1  3  1  0  0  0/1    15:27   3:34   0:00 
Brandon Pirri            0  0  0   1  0   1  1  0  0  0  0/2    16:38   0:00   0:29 
Brendan Gallagher        0  0  0  -3  0   5  1  0  0  0  1/2    20:37   3:03   0:00 
Carl Soderberg           1  1  2   2  0   2  2  0  0  0  0/0    17:15   0:00   5:22 
Corey Perry              2  0  2   1  0   6  0  1  0  0  1/1    19:43   3:34   0:00 
David Warsofsky          0  0  0   1  0   1  0  1  0  0  0/0    14:16   0:00   0:47 
Drew Doughty             0  0  0   0  0   3  1  0  0  0  0/0    27:45   3:06   3:17 
Jake Muzzin              0  1  1  -1  0   0  1  1  0  0  0/0    20:13   0:00   4:32 
John Carlson             0  1  1  -1  0   0  1  1  0  0  0/0    25:28   3:31   4:01 
Marcus Johansson         0  0  0   0  2   0  0  0  0  0  0/0     7:10   0:00   0:00 
Melker Karlsson          0  0  0   0  0   0  1  0  0  0  2/9     7:11   0:00   0:00 
P.K. Subban              0  1  1   0  2   3  2  1  0  0  0/0    29:50   3:06   3:08 
Patrice Bergeron         0  0  0  -3  0   1  1  0  0  0  14/32  22:40   0:00   5:06 
Patrick Sharp            0  2  2   2  0   4  1  0  0  0  7/19   18:14   3:34   2:47 
Ryan Spooner             0  0  0   0  2   0  0  0  0  0  0/1    10:13   3:03   0:00 
Tomas Plekanec           0  1  1   1  0   1  1  0  0  0  10/16  18:17   0:00   2:08 
Torey Krug               1  0  1   1  2   2  1  2  0  0  0/0    17:06   3:31   0:07 
Zach Parise              0  0  0  -3  0   2  1  0  0  0  4/7    20:37   3:03   0:00 

Players Stats for Senators

Player Name              G  A  P  +/- PIM S  H  SB GA TA FO     MP     PP MP  PK MP  
------------------------------------------------------------------------------------
Chris Phillips           0  0  0  -2  2   1  1  0  0  0  0/0    13:44   0:00   0:45 
Connor Murphy            0  0  0   0  0   0  1  1  0  0  0/0     6:16   0:00   0:00 
Drew Miller              1  0  1   0  0   1  1  0  0  0  1/2    21:25   4:07   2:15 
Duncan Keith             0  1  1   3  0   0  0  2  0  0  0/0    27:03   3:37   3:30 
Jan Hejda                0  0  0  -1  0   0  2  0  0  0  0/0    21:01   4:19   3:07 
Jared Cowen              0  0  0  -2  2   1  2  0  0  0  0/0    13:19   0:00   0:20 
Jason Garrison           0  0  0  -1  0   2  0  0  0  0  0/0    21:01   4:19   3:07 
Karl Stollery            0  0  0   0  0   0  0  0  0  0  0/0     0:00   0:00   0:00 
Marc Methot              0  1  1   3  2   2  2  0  0  0  0/0    25:57   3:37   2:25 
Mark Stone               0  2  2   0  0   1  0  0  0  0  1/1    20:04   0:00   0:00 
Mika Zibanejad           0  1  1   0  2   1  3  0  0  0  15/30  22:56   3:49   1:28 
Mike Hoffman             0  1  1   0  0   3  0  0  0  0  20/30  23:36   4:07   4:26 
Milan Michalek           1  0  1   0  0   5  0  0  0  0  0/1    21:22   3:49   1:30 
Pascal Dupuis            0  0  0   0  0   2  0  0  0  0  1/1    16:03   0:00   0:00 
Patrick Marleau          1  0  1   0  0   4  0  0  0  0  1/3    29:05   3:49   3:35 
Sergei Gonchar           0  0  0   0  0   0  0  1  0  0  0/0     6:16   0:00   0:00 
Sidney Crosby            1  0  1   0  0   3  1  0  0  0  12/22  21:41   0:00   0:00 
Steve Bernier            0  0  0   0  0   1  2  0  0  0  0/0    19:10   4:07   0:00 

3 Stars

1 - Andrew Ladd (BOS)
2 - Corey Perry (BOS)
3 - Carl Soderberg (BOS)

Power Play

Bruins - 1 on 4 Attempt(s) - 25.00%
Senators - 0 on 4 Attempt(s) - 0.00%

Penalty Kill

Bruins - 4 on 4 Attempt(s) - 100.00% - Score 0 goal in Penalty Kill
Senators - 3 on 4 Attempt(s) - 75.00% - Score 0 goal in Penalty Kill

Team Stat

Bruins - Hits : 18 - Faceoff Wins : 39 - Blocked Shots : 8 - Penalty Minutes : 8
Senators - Hits : 15 - Faceoff Wins : 51 - Blocked Shots : 4 - Penalty Minutes : 8

Official

Referees : Ian Walsh and Brad Watson
Linesman : Jean Morin and Mark Wheler

Game Notes

No Game Note

Finance

Level 1 -- Attendance: 6500 (100.00%) -- Ticket Income $650,000
Level 2 -- Attendance: 5000 (100.00%) -- Ticket Income $300,000
Level 3 -- Attendance: 3500 (100.00%) -- Ticket Income $122,500
Level 4 -- Attendance: 3153 (100.00%) -- Ticket Income $94,590
Luxury Box -- Attendance: 875 (87.50%) -- Ticket Income $218,750
Game was played at the Canadian Tire Centre.
Total Attendance: 19028 (99.35%)
Total Ticket Income: $1,385,840
Other Income: $207,876
Total Income: $1,593,716

% Time on Ice - Bruins

Lines # - Real PCT - Wanted PCT - Time Play
Normal Forward
1 - 33% - 40% - 17:34
2 - 31% - 30% - 16:09
3 - 23% - 20% - 11:53
4 - 14% - 10% - 7:11
Normal Defense
1 - 40% - 40% - 21:22
2 - 28% - 30% - 14:51
3 - 26% - 20% - 13:29
4 - 6% - 10% - 3:05
PP Forward
1 - 54% - 60% - 3:34
2 - 46% - 40% - 3:03
PP Defense
1 - 47% - 60% - 3:06
2 - 53% - 40% - 3:31
PK Forward
1 - 74% - 60% - 5:51
2 - 26% - 40% - 2:05
PK Defense
1 - 59% - 60% - 4:39
2 - 41% - 40% - 3:17
PK3 Forward
1 - 0% - 60%
2 - 0% - 40%
PK3 Defense
1 - 0% - 60%
2 - 0% - 40%
44 Forward
1 - 0% - 60%
2 - 0% - 40%
44 Defense
1 - 0% - 60%
2 - 0% - 40%
Last Minute Offensive  - 0:00
Last Minute Defensive  - 0:00
Total
Forward - 67:20
Defense - 67:20

% Time on Ice - Senators

Lines # - Real PCT - Wanted PCT - Time Play
Normal Forward
1 - 38% - 40% - 20:04
2 - 30% - 30% - 16:03
3 - 29% - 20% - 15:03
4 - 3% - 10% - 1:37
Normal Defense
1 - 38% - 40% - 19:56
2 - 26% - 30% - 13:35
3 - 25% - 20% - 13:00
4 - 12% - 10% - 6:16
PP Forward
1 - 52% - 60% - 4:07
2 - 48% - 40% - 3:49
PP Defense
1 - 46% - 60% - 3:37
2 - 54% - 40% - 4:19
PK Forward
1 - 70% - 60% - 4:36
2 - 30% - 40% - 2:01
PK Defense
1 - 53% - 60% - 3:30
2 - 47% - 40% - 3:07
PK3 Forward
1 - 0% - 60%
2 - 0% - 40%
PK3 Defense
1 - 0% - 60%
2 - 0% - 40%
44 Forward
1 - 0% - 60%
2 - 0% - 40%
44 Defense
1 - 0% - 60%
2 - 0% - 40%
Last Minute Offensive  - 0:00
Last Minute Defensive  - 0:00
Total
Forward - 67:20
Defense - 67:20

Play by Play

1st period


0:01 of 1st period - Sidney Crosby wins face-off versus Patrice Bergeron in neutral zone.
0:12 of 1st period - Sidney Crosby is hit by Drew Doughty and loses puck.
0:18 of 1st period - Icing by Drew Doughty.
0:19 of 1st period - Patrice Bergeron wins face-off versus Mika Zibanejad in Bruins zone.
0:47 of 1st period - Shot by Drew Doughty.
0:47 of 1st period - Stopped by Tuukka Rask without a rebound.
0:48 of 1st period - Tomas Plekanec wins face-off versus Mike Hoffman in Senators zone.
1:18 of 1st period - Shot by Mike Hoffman.
1:18 of 1st period - Deflect By Steve Bernier.
1:18 of 1st period - Shot Blocked by Corey Perry.
1:20 of 1st period - Shot by Jared Cowen.
1:20 of 1st period - Shot Misses the Net.
1:22 of 1st period - Shot by Chris Phillips.
1:22 of 1st period - Stopped by Carey Price without a rebound.
1:23 of 1st period - Sidney Crosby wins face-off versus Patrick Sharp in Bruins zone.
1:32 of 1st period - Duncan Keith is hit by Andrew Ladd and loses puck.
2:05 of 1st period - Icing by Andrew Ladd.
2:06 of 1st period - Mika Zibanejad wins face-off versus Patrick Sharp in Bruins zone.
2:11 of 1st period - Shot by Milan Michalek.
2:11 of 1st period - Stopped by Carey Price without a rebound.
2:12 of 1st period - Mika Zibanejad wins face-off versus Melker Karlsson in Bruins zone.
2:13 of 1st period - Shot by Pascal Dupuis.
2:13 of 1st period - Deflect By Milan Michalek.
2:13 of 1st period - Stopped by Carey Price without a rebound.
2:14 of 1st period - Mika Zibanejad wins face-off versus Ryan Spooner in Bruins zone.
2:14 of 1st period - Jason Garrison is hit by John Carlson and loses puck.
2:32 of 1st period - Shot by Mika Zibanejad.
2:32 of 1st period - Shot Blocked by P.K. Subban.
2:44 of 1st period - Shot by Pascal Dupuis.
2:44 of 1st period - Deflect By Mika Zibanejad.
2:44 of 1st period - Shot Misses the Net.
2:54 of 1st period - Shot by Milan Michalek.
2:54 of 1st period - Shot Misses the Net.
4:04 of 1st period - Shot by Brendan Gallagher.
4:04 of 1st period - Shot Misses the Net.
4:06 of 1st period - Shot by Zach Parise.
4:06 of 1st period - Shot Blocked by Sergei Gonchar.
6:31 of 1st period - Icing by Jared Cowen.
6:32 of 1st period - Mika Zibanejad wins face-off versus Melker Karlsson in Senators zone.
6:46 of 1st period - Icing by P.K. Subban.
6:47 of 1st period - Mike Hoffman wins face-off versus Melker Karlsson in Bruins zone.
6:55 of 1st period - Icing by P.K. Subban.
6:56 of 1st period - Mike Hoffman wins face-off versus Melker Karlsson in Bruins zone.
7:54 of 1st period - Shot by Tomas Plekanec.
7:54 of 1st period - Shot Blocked by Duncan Keith.
9:35 of 1st period - Shot by Patrick Marleau.
9:35 of 1st period - Shot Misses the Net.
9:37 of 1st period - Shot by Patrick Marleau.
9:37 of 1st period - Stopped by Carey Price without a rebound.
9:38 of 1st period - Patrick Sharp wins face-off versus Milan Michalek in Bruins zone.
9:53 of 1st period - Drew Doughty is hit by Mika Zibanejad.
10:23 of 1st period - Shot by Patrick Sharp.
10:23 of 1st period - Stopped by Tuukka Rask without a rebound.
10:24 of 1st period - Tomas Plekanec wins face-off versus Sidney Crosby in Senators zone.
11:26 of 1st period - Tomas Plekanec is hit by Connor Murphy and loses puck.
12:13 of 1st period - Icing by Mika Zibanejad.
12:14 of 1st period - Patrick Sharp wins face-off versus Mika Zibanejad in Senators zone.
12:18 of 1st period - Icing by Sergei Gonchar.
12:19 of 1st period - Mika Zibanejad wins face-off versus Patrice Bergeron in Senators zone.
12:38 of 1st period - Shot by Brendan Gallagher.
12:38 of 1st period - Shot Misses the Net.
13:52 of 1st period - Shot by Mike Hoffman.
13:52 of 1st period - Shot Blocked by Andrew Ladd.
14:45 of 1st period - Icing by Ryan Spooner.
14:46 of 1st period - Melker Karlsson wins face-off versus Sidney Crosby in Bruins zone.
14:46 of 1st period - Melker Karlsson is hit by Sidney Crosby.
15:26 of 1st period - Icing by Jared Cowen.
15:27 of 1st period - Sidney Crosby wins face-off versus Tomas Plekanec in Senators zone.
15:52 of 1st period - Shot by Pascal Dupuis.
15:52 of 1st period - Shot Misses the Net.
15:54 of 1st period - Shot by Milan Michalek.
15:54 of 1st period - Stopped by Carey Price without a rebound.
15:55 of 1st period - Mika Zibanejad wins face-off versus Brendan Gallagher in Bruins zone.
16:01 of 1st period - Icing by Drew Doughty.
16:02 of 1st period - Mika Zibanejad wins face-off versus Patrice Bergeron in Bruins zone.
16:13 of 1st period - Shot by Mika Zibanejad.
16:13 of 1st period - Stopped by Carey Price with a rebound.
16:29 of 1st period - Shot by Brendan Gallagher.
16:29 of 1st period - Stopped by Tuukka Rask without a rebound.
16:30 of 1st period - Sidney Crosby wins face-off versus Tomas Plekanec in Senators zone.
16:30 of 1st period - Sidney Crosby is hit by Tomas Plekanec.
16:33 of 1st period - Duncan Keith is hit by Brandon Pirri and loses puck.
17:10 of 1st period - Shot by Corey Perry.
17:10 of 1st period - Shot Misses the Net.
18:22 of 1st period - Shot by Zach Parise.
18:22 of 1st period - Shot Hit the Post.
18:24 of 1st period - Shot by Patrice Bergeron.
18:24 of 1st period - Stopped by Tuukka Rask with a rebound.
18:26 of 1st period - Shot by Drew Doughty.
18:26 of 1st period - Stopped by Tuukka Rask without a rebound.
18:27 of 1st period - Mike Hoffman wins face-off versus Patrick Sharp in Senators zone.
18:27 of 1st period - Mike Hoffman is hit by Andrew Ladd.
18:45 of 1st period - Shot by Mike Hoffman.
18:45 of 1st period - Shot Misses the Net.
18:55 of 1st period - Shot by Andrew Ladd.
18:55 of 1st period - Goal by Andrew Ladd - Bruins : 1 - Senators : 0.
18:56 of 1st period - Sidney Crosby wins face-off versus Melker Karlsson in neutral zone.
19:24 of 1st period - Shot by Melker Karlsson.
19:24 of 1st period - Shot Blocked by Duncan Keith.
19:31 of 1st period - Mark Stone is hit by Melker Karlsson and loses puck.
19:32 of 1st period - Minor Penalty to Marcus Johansson for Cross-checking.
19:33 of 1st period - Patrice Bergeron wins face-off versus Drew Miller in Bruins zone.
Goals for this period are 1 for Bruins vs 0 for Senators.
Shots for this period are 6 for Bruins vs 6 for Senators.

2nd period


0:01 of 2nd period - Patrice Bergeron wins face-off versus Mike Hoffman in neutral zone.
0:04 of 2nd period - Drew Miller is hit by Carl Soderberg and loses puck.
0:29 of 2nd period - Shot by Duncan Keith.
0:29 of 2nd period - Shot Misses the Net.
0:31 of 2nd period - Shot by Marc Methot.
0:31 of 2nd period - Deflect By Steve Bernier.
0:31 of 2nd period - Stopped by Carey Price without a rebound.
0:32 of 2nd period - Patrice Bergeron wins face-off versus Mika Zibanejad in Bruins zone.
0:45 of 2nd period - Shot by Jason Garrison.
0:45 of 2nd period - Shot Misses the Net.
1:28 of 2nd period - Off-side.
1:29 of 2nd period - Mike Hoffman wins face-off versus Patrice Bergeron in neutral zone.
1:32 of 2nd period - Carl Soderberg is hit by Drew Miller.
2:05 of 2nd period - Shot by Mike Hoffman.
2:05 of 2nd period - Stopped by Carey Price with a rebound.
2:07 of 2nd period - Shot by Mike Hoffman.
2:07 of 2nd period - Shot Blocked by David Warsofsky.
2:09 of 2nd period - Shot by Jared Cowen.
2:09 of 2nd period - Shot Blocked by Torey Krug.
2:24 of 2nd period - Minor Penalty to Torey Krug for Holding Stick.
2:25 of 2nd period - Mika Zibanejad wins face-off versus Patrice Bergeron in Bruins zone.
3:14 of 2nd period - Icing by Duncan Keith.
3:15 of 2nd period - Mika Zibanejad wins face-off versus Tomas Plekanec in Senators zone.
3:36 of 2nd period - Jake Muzzin is hit by Steve Bernier and loses puck.
4:05 of 2nd period - Steve Bernier is hit by Carl Soderberg and loses puck.
4:32 of 2nd period - Shot by Patrick Marleau.
4:32 of 2nd period - Shot Misses the Net.
4:34 of 2nd period - Shot by Jared Cowen.
4:34 of 2nd period - Stopped by Carey Price without a rebound.
4:35 of 2nd period - Melker Karlsson wins face-off versus Sidney Crosby in Bruins zone.
4:48 of 2nd period - Shot by Mark Stone.
4:48 of 2nd period - Shot Misses the Net.
4:50 of 2nd period - Shot by Patrick Marleau.
4:50 of 2nd period - Deflect By Sidney Crosby.
4:50 of 2nd period - Shot Misses the Net.
4:52 of 2nd period - Shot by Sergei Gonchar.
4:52 of 2nd period - Deflect By Sidney Crosby.
4:52 of 2nd period - Shot Misses the Net.
4:54 of 2nd period - Shot by Sidney Crosby.
4:54 of 2nd period - Shot Misses the Net.
4:56 of 2nd period - Shot by Patrick Marleau.
4:56 of 2nd period - Stopped by Carey Price without a rebound.
4:57 of 2nd period - Tomas Plekanec wins face-off versus Mika Zibanejad in Bruins zone.
4:57 of 2nd period - Tomas Plekanec is hit by Mika Zibanejad.
5:15 of 2nd period - Minor Penalty to Marc Methot for Roughing.
5:16 of 2nd period - Zach Parise wins face-off versus Mike Hoffman in Senators zone.
5:33 of 2nd period - Shot by Ryan Spooner.
5:33 of 2nd period - Shot Misses the Net.
5:35 of 2nd period - Shot by Zach Parise.
5:35 of 2nd period - Deflect By Brendan Gallagher.
5:35 of 2nd period - Shot Misses the Net.
5:37 of 2nd period - Shot by Brendan Gallagher.
5:37 of 2nd period - Shot Misses the Net.
5:49 of 2nd period - Shot by Brendan Gallagher.
5:49 of 2nd period - Stopped by Tuukka Rask with a rebound.
6:02 of 2nd period - Icing by Brendan Gallagher.
6:03 of 2nd period - Drew Miller wins face-off versus Zach Parise in Bruins zone.
7:28 of 2nd period - Melker Karlsson is hit by Mika Zibanejad and loses puck.
7:48 of 2nd period - Icing by Sergei Gonchar.
7:49 of 2nd period - Patrice Bergeron wins face-off versus Mika Zibanejad in Senators zone.
7:50 of 2nd period - Shot by Brendan Gallagher.
7:50 of 2nd period - Stopped by Tuukka Rask with a rebound.
8:02 of 2nd period - Shot by Brendan Gallagher.
8:02 of 2nd period - Shot Blocked by Connor Murphy.
8:04 of 2nd period - Shot by Patrice Bergeron.
8:04 of 2nd period - Shot Misses the Net.
8:06 of 2nd period - Shot by Torey Krug.
8:06 of 2nd period - Shot Misses the Net.
8:08 of 2nd period - Shot by David Warsofsky.
8:08 of 2nd period - Stopped by Tuukka Rask with a rebound.
8:10 of 2nd period - Shot by Torey Krug.
8:10 of 2nd period - Stopped by Tuukka Rask with a rebound.
8:27 of 2nd period - Shot by Brendan Gallagher.
8:27 of 2nd period - Shot Misses the Net.
8:47 of 2nd period - Shot by Corey Perry.
8:47 of 2nd period - Goal by Corey Perry - Bruins : 2 - Senators : 0.
8:48 of 2nd period - Mark Stone wins face-off versus Patrick Sharp in neutral zone.
9:56 of 2nd period - Icing by John Carlson.
9:57 of 2nd period - Mike Hoffman wins face-off versus Tomas Plekanec in Bruins zone.
10:00 of 2nd period - Shot by Steve Bernier.
10:00 of 2nd period - Shot Misses the Net.
10:02 of 2nd period - Shot by Drew Miller.
10:02 of 2nd period - Shot Misses the Net.
10:04 of 2nd period - Shot by Drew Miller.
10:04 of 2nd period - Shot Hit the Post.
10:06 of 2nd period - Shot by Jan Hejda.
10:06 of 2nd period - Shot Blocked by John Carlson.
10:39 of 2nd period - Icing by Jake Muzzin.
10:40 of 2nd period - Tomas Plekanec wins face-off versus Mika Zibanejad in Bruins zone.
11:03 of 2nd period - Jared Cowen is hit by Jake Muzzin and loses puck.
11:06 of 2nd period - Shot by Pascal Dupuis.
11:06 of 2nd period - Stopped by Carey Price without a rebound.
11:07 of 2nd period - Sidney Crosby wins face-off versus Patrice Bergeron in Bruins zone.
11:08 of 2nd period - Shot by Patrick Marleau.
11:08 of 2nd period - Stopped by Carey Price without a rebound.
11:09 of 2nd period - Patrice Bergeron wins face-off versus Patrick Marleau in Bruins zone.
11:11 of 2nd period - Icing by P.K. Subban.
11:12 of 2nd period - Sidney Crosby wins face-off versus Patrice Bergeron in Bruins zone.
11:12 of 2nd period - Mark Stone is hit by P.K. Subban.
11:25 of 2nd period - Drew Doughty is hit by Marc Methot and loses puck.
11:34 of 2nd period - Shot by Mark Stone.
11:34 of 2nd period - Shot Misses the Net.
11:36 of 2nd period - Shot by Sidney Crosby.
11:36 of 2nd period - Deflect By Mark Stone.
11:36 of 2nd period - Shot Misses the Net.
11:50 of 2nd period - Shot by Sidney Crosby.
11:50 of 2nd period - Goal by Sidney Crosby - Bruins : 2 - Senators : 1.
11:51 of 2nd period - Patrick Sharp wins face-off versus Mika Zibanejad in neutral zone.
11:54 of 2nd period - Shot by Jake Muzzin.
11:54 of 2nd period - Shot Misses the Net.
12:02 of 2nd period - Jason Garrison is hit by Patrick Sharp and loses puck.
12:17 of 2nd period - Shot by Patrick Sharp.
12:17 of 2nd period - Stopped by Tuukka Rask without a rebound.
12:18 of 2nd period - Mike Hoffman wins face-off versus Tomas Plekanec in Senators zone.
13:36 of 2nd period - Off-side.
13:37 of 2nd period - Patrick Marleau wins face-off versus Patrick Sharp in neutral zone.
13:54 of 2nd period - Icing by Marc Methot.
13:55 of 2nd period - Patrice Bergeron wins face-off versus Sidney Crosby in Senators zone.
14:05 of 2nd period - Icing by Marc Methot.
14:06 of 2nd period - Sidney Crosby wins face-off versus Brandon Pirri in Senators zone.
14:17 of 2nd period - Shot by Patrick Marleau.
14:17 of 2nd period - Shot Misses the Net.
14:37 of 2nd period - Shot by Marc Methot.
14:37 of 2nd period - Shot Misses the Net.
14:56 of 2nd period - Minor Penalty to Mika Zibanejad for Hooking.
14:57 of 2nd period - Mike Hoffman wins face-off versus Zach Parise in Senators zone.
15:08 of 2nd period - Shot by Zach Parise.
15:08 of 2nd period - Stopped by Tuukka Rask without a rebound.
15:09 of 2nd period - Zach Parise wins face-off versus Mike Hoffman in Senators zone.
15:16 of 2nd period - Shot by Brendan Gallagher.
15:16 of 2nd period - Shot Misses the Net.
16:12 of 2nd period - Shot by Andrew Ladd.
16:12 of 2nd period - Shot Misses the Net.
16:14 of 2nd period - Shot by Corey Perry.
16:14 of 2nd period - Stopped by Tuukka Rask without a rebound.
16:15 of 2nd period - Mike Hoffman wins face-off versus Patrick Sharp in Senators zone.
16:34 of 2nd period - Shot by Patrick Sharp.
16:34 of 2nd period - Stopped by Tuukka Rask with a rebound.
16:36 of 2nd period - Shot by Drew Doughty.
16:36 of 2nd period - Stopped by Tuukka Rask with a rebound.
17:08 of 2nd period - Shot by Sidney Crosby.
17:08 of 2nd period - Stopped by Carey Price with a rebound.
17:10 of 2nd period - Shot by Mark Stone.
17:10 of 2nd period - Stopped by Carey Price without a rebound.
17:11 of 2nd period - Pascal Dupuis wins face-off versus Zach Parise in Bruins zone.
17:21 of 2nd period - Off-side.
17:22 of 2nd period - Patrice Bergeron wins face-off versus Sidney Crosby in neutral zone.
17:28 of 2nd period - John Carlson is hit by Marc Methot and loses puck.
17:51 of 2nd period - Duncan Keith is hit by Zach Parise and loses puck.
18:24 of 2nd period - Shot by P.K. Subban.
18:24 of 2nd period - Stopped by Tuukka Rask without a rebound.
18:25 of 2nd period - Tomas Plekanec wins face-off versus Mike Hoffman in Senators zone.
18:33 of 2nd period - Brandon Pirri is hit by Jared Cowen and loses puck.
18:52 of 2nd period - P.K. Subban is hit by Steve Bernier and loses puck.
19:26 of 2nd period - Jared Cowen is hit by Andrew Ladd and loses puck.
19:32 of 2nd period - Chris Phillips is hit by Torey Krug and loses puck.
Goals for this period are 1 for Bruins vs 1 for Senators.
Shots for this period are 11 for Bruins vs 9 for Senators.

3rd period


0:01 of 3rd period - Sidney Crosby wins face-off versus Patrice Bergeron in neutral zone.
2:05 of 3rd period - Shot by Carl Soderberg.
2:05 of 3rd period - Stopped by Tuukka Rask without a rebound.
2:06 of 3rd period - Mike Hoffman wins face-off versus Melker Karlsson in Senators zone.
2:19 of 3rd period - Shot by Mike Hoffman.
2:19 of 3rd period - Stopped by Carey Price without a rebound.
2:20 of 3rd period - Mike Hoffman wins face-off versus Patrick Sharp in Bruins zone.
3:31 of 3rd period - Shot by Patrick Marleau.
3:31 of 3rd period - Goal by Patrick Marleau - Bruins : 2 - Senators : 2.
3:32 of 3rd period - Corey Perry wins face-off versus Mika Zibanejad in neutral zone.
3:57 of 3rd period - Shot by Tomas Plekanec.
3:57 of 3rd period - Shot Misses the Net.
4:21 of 3rd period - Icing by Sidney Crosby.
4:22 of 3rd period - Patrice Bergeron wins face-off versus Mika Zibanejad in Senators zone.
4:39 of 3rd period - Shot by Patrice Bergeron.
4:39 of 3rd period - Shot Misses the Net.
4:41 of 3rd period - Shot by Brendan Gallagher.
4:41 of 3rd period - Stopped by Tuukka Rask without a rebound.
4:42 of 3rd period - Mike Hoffman wins face-off versus Patrick Sharp in Senators zone.
4:51 of 3rd period - Shot by Mike Hoffman.
4:51 of 3rd period - Shot Misses the Net.
5:15 of 3rd period - Shot by Mike Hoffman.
5:15 of 3rd period - Stopped by Carey Price without a rebound.
5:16 of 3rd period - Mika Zibanejad wins face-off versus Patrice Bergeron in Bruins zone.
5:19 of 3rd period - Shot by Milan Michalek.
5:19 of 3rd period - Stopped by Carey Price without a rebound.
5:20 of 3rd period - Patrice Bergeron wins face-off versus Sidney Crosby in Bruins zone.
5:26 of 3rd period - Patrice Bergeron is hit by Jared Cowen and loses puck.
6:06 of 3rd period - Icing by Chris Phillips.
6:07 of 3rd period - Tomas Plekanec wins face-off versus Sidney Crosby in Senators zone.
6:07 of 3rd period - Tomas Plekanec is hit by Chris Phillips.
6:09 of 3rd period - Shot by Corey Perry.
6:09 of 3rd period - Goal by Corey Perry - Bruins : 3 - Senators : 2.
6:10 of 3rd period - Tomas Plekanec wins face-off versus Mika Zibanejad in neutral zone.
6:20 of 3rd period - Shot by Tomas Plekanec.
6:20 of 3rd period - Shot Misses the Net.
7:18 of 3rd period - Icing by Milan Michalek.
7:19 of 3rd period - Patrice Bergeron wins face-off versus Mika Zibanejad in Senators zone.
8:06 of 3rd period - Jason Garrison is hit by Patrice Bergeron and loses puck.
8:39 of 3rd period - Shot by Patrick Sharp.
8:39 of 3rd period - Stopped by Tuukka Rask without a rebound.
8:40 of 3rd period - Mike Hoffman wins face-off versus Tomas Plekanec in Senators zone.
9:20 of 3rd period - Shot by John Carlson.
9:20 of 3rd period - Shot Misses the Net.
10:04 of 3rd period - Shot by P.K. Subban.
10:04 of 3rd period - Stopped by Tuukka Rask without a rebound.
10:05 of 3rd period - Sidney Crosby wins face-off versus Patrice Bergeron in Senators zone.
10:27 of 3rd period - Torey Krug is hit by Jan Hejda and loses puck.
10:36 of 3rd period - Mark Stone is hit by Brendan Gallagher and loses puck.
10:42 of 3rd period - Brendan Gallagher is hit by Jan Hejda and loses puck.
11:14 of 3rd period - Off-side.
11:15 of 3rd period - Mika Zibanejad wins face-off versus Brandon Pirri in neutral zone.
11:22 of 3rd period - Shot by Milan Michalek.
11:22 of 3rd period - Shot Misses the Net.
11:24 of 3rd period - Shot by Milan Michalek.
11:24 of 3rd period - Goal by Milan Michalek - Bruins : 3 - Senators : 3.
11:25 of 3rd period - Mika Zibanejad wins face-off versus Patrick Sharp in neutral zone.
11:43 of 3rd period - Shot by Pascal Dupuis.
11:43 of 3rd period - Stopped by Carey Price without a rebound.
11:44 of 3rd period - Mike Hoffman wins face-off versus Patrice Bergeron in Bruins zone.
11:45 of 3rd period - Shot by Drew Miller.
11:45 of 3rd period - Goal by Drew Miller - Bruins : 3 - Senators : 4.
11:46 of 3rd period - Brendan Gallagher wins face-off versus Sidney Crosby in neutral zone.
13:03 of 3rd period - Shot by Tomas Plekanec.
13:03 of 3rd period - Stopped by Tuukka Rask with a rebound.
13:07 of 3rd period - Shot by Tomas Plekanec.
13:07 of 3rd period - Shot Misses the Net.
13:09 of 3rd period - Shot by Corey Perry.
13:09 of 3rd period - Deflect By Brandon Pirri.
13:09 of 3rd period - Stopped by Tuukka Rask without a rebound.
13:10 of 3rd period - Patrick Sharp wins face-off versus Mika Zibanejad in Senators zone.
13:24 of 3rd period - Icing by Jan Hejda.
13:25 of 3rd period - Mika Zibanejad wins face-off versus Melker Karlsson in Senators zone.
13:45 of 3rd period - Icing by Jason Garrison.
13:46 of 3rd period - Patrice Bergeron wins face-off versus Mika Zibanejad in Senators zone.
13:55 of 3rd period - Shot by Zach Parise.
13:55 of 3rd period - Shot Misses the Net.
13:58 of 3rd period - Icing by Jan Hejda.
13:59 of 3rd period - Tomas Plekanec wins face-off versus Mika Zibanejad in Senators zone.
14:00 of 3rd period - Shot by Corey Perry.
14:00 of 3rd period - Stopped by Tuukka Rask without a rebound.
14:01 of 3rd period - Mike Hoffman wins face-off versus Patrice Bergeron in Senators zone.
14:23 of 3rd period - Minor Penalty to Chris Phillips for Hooking.
14:24 of 3rd period - Mike Hoffman wins face-off versus Patrick Sharp in Senators zone.
14:30 of 3rd period - Icing by Corey Perry.
14:31 of 3rd period - Patrick Sharp wins face-off versus Mike Hoffman in Bruins zone.
14:47 of 3rd period - Icing by Torey Krug.
14:48 of 3rd period - Patrick Sharp wins face-off versus Mike Hoffman in Bruins zone.
15:03 of 3rd period - Shot by Torey Krug.
15:03 of 3rd period - Goal by Torey Krug - Bruins : 4 - Senators : 4.
15:04 of 3rd period - Mika Zibanejad wins face-off versus Patrice Bergeron in neutral zone.
16:24 of 3rd period - Shot by Corey Perry.
16:24 of 3rd period - Stopped by Tuukka Rask without a rebound.
16:25 of 3rd period - Mike Hoffman wins face-off versus Andrew Ladd in Senators zone.
17:08 of 3rd period - Shot by Mike Hoffman.
17:08 of 3rd period - Shot Blocked by Torey Krug.
17:34 of 3rd period - Shot by Sidney Crosby.
17:34 of 3rd period - Stopped by Carey Price without a rebound.
17:35 of 3rd period - Patrice Bergeron wins face-off versus Mika Zibanejad in Bruins zone.
18:20 of 3rd period - Shot by Zach Parise.
18:20 of 3rd period - Stopped by Tuukka Rask without a rebound.
18:21 of 3rd period - Tomas Plekanec wins face-off versus Sidney Crosby in Senators zone.
18:42 of 3rd period - Shot by Brandon Pirri.
18:42 of 3rd period - Shot Misses the Net.
18:44 of 3rd period - Shot by Drew Doughty.
18:44 of 3rd period - Shot Misses the Net.
19:46 of 3rd period - Shot by Mike Hoffman.
19:46 of 3rd period - Shot Misses the Net.
Goals for this period are 2 for Bruins vs 3 for Senators.
Shots for this period are 11 for Bruins vs 8 for Senators.

Overtime #1


0:01 of 1st overtime period - Sidney Crosby wins face-off versus Patrice Bergeron in neutral zone.
0:11 of 1st overtime period - Sidney Crosby is hit by P.K. Subban and loses puck.
0:38 of 1st overtime period - Minor Penalty to P.K. Subban for Hooking.
0:39 of 1st overtime period - Mike Hoffman wins face-off versus Patrice Bergeron in Bruins zone.
1:04 of 1st overtime period - Shot by Jason Garrison.
1:04 of 1st overtime period - Stopped by Carey Price without a rebound.
1:05 of 1st overtime period - Patrice Bergeron wins face-off versus Patrick Marleau in Bruins zone.
1:40 of 1st overtime period - Shot by Marc Methot.
1:40 of 1st overtime period - Stopped by Carey Price with a rebound.
1:42 of 1st overtime period - Shot by Marc Methot.
1:42 of 1st overtime period - Stopped by Carey Price without a rebound.
1:43 of 1st overtime period - Mike Hoffman wins face-off versus Patrice Bergeron in Bruins zone.
2:41 of 1st overtime period - Minor Penalty to Ryan Spooner for Hooking.
2:42 of 1st overtime period - Mika Zibanejad wins face-off versus Patrice Bergeron in Bruins zone.
3:13 of 1st overtime period - Shot by Marc Methot.
3:13 of 1st overtime period - Shot Misses the Net.
4:11 of 1st overtime period - Shot by Jason Garrison.
4:11 of 1st overtime period - Shot Misses the Net.
4:23 of 1st overtime period - Shot by Jason Garrison.
4:23 of 1st overtime period - Stopped by Carey Price without a rebound.
4:24 of 1st overtime period - Mike Hoffman wins face-off versus Patrice Bergeron in Bruins zone.
4:31 of 1st overtime period - Shot by Steve Bernier.
4:31 of 1st overtime period - Shot Blocked by Jake Muzzin.
4:46 of 1st overtime period - Off-side.
4:47 of 1st overtime period - Tomas Plekanec wins face-off versus Sidney Crosby in neutral zone.
4:55 of 1st overtime period - Minor Penalty to Jared Cowen for Tripping.
4:56 of 1st overtime period - Zach Parise wins face-off versus Mike Hoffman in Senators zone.
5:07 of 1st overtime period - Shot by Brendan Gallagher.
5:07 of 1st overtime period - Stopped by Tuukka Rask without a rebound.
5:08 of 1st overtime period - Patrick Sharp wins face-off versus Mike Hoffman in Senators zone.
5:43 of 1st overtime period - Shot by Drew Doughty.
5:43 of 1st overtime period - Shot Misses the Net.
5:45 of 1st overtime period - Shot by P.K. Subban.
5:45 of 1st overtime period - Stopped by Tuukka Rask without a rebound.
5:46 of 1st overtime period - Zach Parise wins face-off versus Mike Hoffman in Senators zone.
6:23 of 1st overtime period - Shot by Zach Parise.
6:23 of 1st overtime period - Shot Misses the Net.
6:44 of 1st overtime period - Shot by Corey Perry.
6:44 of 1st overtime period - Stopped by Tuukka Rask without a rebound.
6:45 of 1st overtime period - Mike Hoffman wins face-off versus Patrick Sharp in Senators zone.
7:05 of 1st overtime period - Off-side.
7:06 of 1st overtime period - Sidney Crosby wins face-off versus Patrick Sharp in neutral zone.
7:19 of 1st overtime period - Shot by Carl Soderberg.
7:19 of 1st overtime period - Goal by Carl Soderberg - Bruins : 5 - Senators : 4.
Goals for this period are 1 for Bruins vs 0 for Senators.
Shots for this period are 4 for Bruins vs 4 for Senators.